 Dungeon Crawl Stone Soup version 0.25-a0-513-ge77a69270c (webtiles) character file.

Game seed: 8282480722108906019, levelgen mode: deterministic

103 Error4North the Covered (level 5, -6/41 HPs)
             Began as a Human Fighter on Feb 16, 2020.
             Killed by divine providence
             ... invoked by an orc priest
              (18 damage)
             ... on level 3 of the Dungeon.
             The game lasted 00:05:38 (1991 turns).

Error4North the Covered (Human Fighter)             Turns: 1991, Time: 00:05:39

Health: -6/41      AC:  7    Str: 18    XL:     5   Next: 6%
Magic:  5/5        EV:  7    Int:  8    God:
Gold:   140        SH:  9    Dex: 12    Spells: 4/4 levels left

rFire    . . .     SeeInvis .   a - +0 war axe
rCold    . . .     Gourm    .   c - +0 kite shield
rNeg     . . .     Faith    .   b - +0 scale mail
rPois    .         Spirit   .   (no helmet)
rElec    .         Reflect  .   (no cloak)
rCorr    .         Harm     +   (no gloves)
MR       .....                  (no boots)
Stlth    ..........             k - amulet of harm
HPRegen  0.13/turn              (no ring)
MPRegen  0.09/turn              (no ring)

@: no status effects
A: no striking features
a: no special abilities


You were on level 3 of the Dungeon.
You were not hungry.

You visited 1 branch of the dungeon, and saw 3 of its levels.

You collected 140 gold pieces.

Inventory:

Hand Weapons
 a - a +0 war axe (weapon)
Missiles
 p - 2 boomerangs (quivered)
 r - 33 sling bullets
Armour
 b - a +0 scale mail (worn)
 c - a +0 kite shield (worn)
Jewellery
 k - an amulet of harm (around neck)
Scrolls
 e - 2 scrolls of amnesia {unknown}
 g - 2 scrolls of teleportation {unknown}
 h - a scroll of identify {unknown}
 i - a scroll of immolation {unknown}
 j - 2 scrolls of enchant weapon {unknown}
 m - 3 scrolls of remove curse {unknown}
 q - a scroll of fog {unknown}
Potions
 d - 3 potions of might
 l - 2 potions of brilliance {unknown}
 n - a potion of haste {unknown}
 o - a potion of invisibility {unknown}
Comestibles
 f - 3 rations
 s - 3 chunks of flesh


   Skills:
 * Level 3.5 Fighting
 + Level 3.1 Axes
 * Level 3.8 Armour
 + Level 0.1 Dodging
 * Level 3.5 Shields


You had 4 spell levels left.
You didn't know any spells.
Your spell library was empty.

Dungeon Overview and Level Annotations

Branches:
Dungeon (3/15)

Altars:
Kikubaaqudgha


Message History

You hear a shout!
A kobold comes into view.
The kobold throws a stone.
The stone hits you but does no damage.
You hear a shout!
Things that are here:
a +0 dagger; a +0 robe; an orc corpse An orc priest comes into view.
The orc priest shouts!
Found an ancient bone altar of Kikubaaqudgha.
Things that are here:
a +0 hand axe; a +0 scale mail; an orc corpse The orc priest hits you.
* * * LOW HITPOINT WARNING * * *
The kobold hits you but does no damage.
You slash the orc priest!
The orc priest is severely wounded.
You hit the kobold but do no damage.
The orc priest calls down the wrath of Beogh upon you.
Beogh smites you!
You die...

#...#...#.#
#..
##.##.#.#.#
######
##.#.##.....
......
#.#)รท.##.#.#
######
#...#.# .#(#
# ##.#.)# #
##(.## #
##)K#.# #
#.@#..# ..
#.#o..# ##.
## .### #. _#
##


You could see an orc priest and a kobold.

Vanquished Creatures
  2 orc wizards (D:3)
  2 leopard geckos
  2 orcs (D:3)
  2 giant cockroaches (D:3)
  7 goblins
  4 hobgoblins (D:1)
  5 jackals
  6 kobolds
  2 ball pythons (D:2)
  2 bats (D:1)
  3 frilled lizards
  4 rats
41 creatures vanquished.

Notes
Turn   | Place    | Note
-------+----------+-------------------------------------------
     0 | D:1      | Error4North the Human Fighter began the quest for the Orb.
     0 | D:1      | Reached XP level 1. HP: 18/18 MP: 1/1
    86 | D:1      | Reached XP level 2. HP: 14/24 MP: 2/2
   289 | D:1      | You fall into a shaft and drop 1 floor!
   432 | D:2      | Reached XP level 3. HP: 25/29 MP: 3/3
  1975 | D:3      | Reached XP level 4. HP: 27/35 MP: 4/4
  1987 | D:3      | Reached XP level 5. HP: 14/41 MP: 5/5
  1989 | D:3      | Found an ancient bone altar of Kikubaaqudgha.
  1991 | D:3      | Killed from afar by an orc priest

Levels and vault maps discovered:
D:1:      giann_wishing_wells, layout_basic
D:2:      layout_basic
D:3:      layout_basic, marbit_many_paths, portal_sewer_entry_f, tgw_fedhas

Skill      XL: |  1  2  3  4 |
---------------+-------------+-----
Axes           | 3 |  3.1
Fighting       | |  3.5
Armour         | |  3.8
Dodging        | |  0.1
Shields        | |  3.5

Action                   |  1- 3 |  4- 6 || total
-------------------------+-------+-------++-------
Melee: War axe           |   108 |     7 ||   115
  Eat: Ration            |     1 |       ||     1
       Chunk             |     1 |       ||     1
Armor: Scale mail        |    52 |     3 ||    55
Dodge: Dodged            |    50 |     2 ||    52
Block: Kite shield       |    58 |     4 ||    62

Table legend:
 A = Non-vault XP
 B = Vault XP
 C = Vault XP percentage of total XP
 D = Non-vault monster count
 E = Vault monster count
 F = Vault count percentage of total count
                 A         B        C        D         E       F
            +---------+---------+-------+---------+---------+-------
      Total |     148 |       0 |   0.0 |      41 |       0 |   0.0
            +---------+---------+-------+---------+---------+-------
        D:1 |      40 |       0 |   0.0 |      24 |       0 |   0.0
        D:2 |      15 |       0 |   0.0 |       9 |       0 |   0.0
        D:3 |      93 |       0 |   0.0 |       8 |       0 |   0.0
            +---------+---------+-------+---------+---------+-------
